 Dungeon Crawl Stone Soup version 0.27-a0-1301-g128193abf8 (webtiles) character file.

Game seed: 18015590897603531067

131166 Johnny the Eclecticist (level 16, -12/103 HPs)
             Began as a Deep Elf Earth Elementalist on June 17, 2021.
             Was the Champion of Dithmenos.
             Shot with an arrow by a deep elf archer (14 damage)
             ... on level 1 of the Elven Halls.
             The game lasted 00:34:51 (30307 turns).

Johnny the Eclecticist (DEEE)                      Turns: 30307, Time: 00:34:52

Health: -12/103    AC: 12    Str:  7    XL:     16   Next: 54%
Magic:  40/51      EV: 14    Int: 28    God:    Dithmenos [******]
Gold:   1051       SH:  0    Dex: 15    Spells: 32/56 levels left

rFire    . . .     SeeInvis .   U - staff of earth
rCold    + . .     Faith    .   (no shield)
rNeg     . . .     Spirit   .   g - quicksilver dragon scales of the Wild Haggis {Will+ Regen+ Str+2}
rPois    .         Reflect  .   Q - +2 hat {Will+}
rElec    .         Harm     .   (no cloak)
rCorr    .         Rampage  .   j - +0 pair of gloves
Will     +++..                  (no boots)
Stlth    ++........             N - amulet of the acrobat
HPRegen  1.27/turn              P - ring "Dehap" {rC+ EV+4}
MPRegen  0.32/turn              a - ring of magical power

@: wreathed by umbra
A: no striking features
a: Renounce Religion, Shadow Step, Shadow Form


You were on level 1 of the Elven Halls.
You worshipped Dithmenos.
Dithmenos was exalted by your worship.
You visited 5 branches of the dungeon, and saw 24 of its levels.
You also visited: Sewer, Ossuary and Bailey.

You collected 3379 gold pieces.
You spent 2328 gold pieces at shops.

Inventory:

Hand Weapons
 c - a +5 scimitar of protection
Missiles
 h - 14 throwing nets
 i - 358 stones
 u - 12 curare-tipped darts
 X - 6 atropa-tipped darts
Armour
 g - the quicksilver dragon scales of the Wild Haggis (worn) {Will+ Regen+ Str+2}
   (You acquired it on level 5 of the Dungeon)

   It affects your strength (+2).
   It increases your rate of health regeneration.
   It increases your willpower.
 j - a +0 pair of gloves (worn)
 w - the +1 ring mail "Luekuyxt" {rElec}
   (You found it on level 8 of the Dungeon)

   It insulates you from electricity.
 Q - a +2 hat of willpower (worn)
 Y - a +0 buckler
Magical Staves
 U - a staff of earth (weapon)
Jewellery
 a - a ring of magical power (right hand)
 d - a ring of willpower
 J - a ring of protection from fire
 N - an amulet of the acrobat (around neck)
 P - the ring "Dehap" (left hand) {rC+ EV+4}
   (You found it on level 9 of the Dungeon)

   [ring of evasion]

   It affects your evasion (+4).
   It protects you from cold.
 R - an amulet of regeneration
 V - a +6 ring of intelligence
Wands
 H - a wand of mindburst (22)
 I - a wand of iceblast (18)
 K - a wand of paralysis (8)
 S - a wand of acid (10)
 T - a wand of flame (19)
 Z - a wand of digging (7)
Scrolls
 b - 2 scrolls of amnesia
 e - 10 scrolls of magic mapping
 f - a scroll of torment
 k - 2 scrolls of summoning
 m - 10 scrolls of teleportation
 q - 3 scrolls of holy word
 t - 5 scrolls of blinking
 y - 2 scrolls of identify
 C - 4 scrolls of immolation
 E - 3 scrolls of noise
 L - 2 scrolls of brand weapon
 W - a scroll of fear
Potions
 l - 14 potions of curing
 n - 7 potions of brilliance
 o - 4 potions of degeneration
 p - 3 potions of magic
 r - 9 potions of flight
 s - 3 potions of haste
 v - 2 potions of attraction
 x - 6 potions of might
 z - 5 potions of heal wounds
 A - a potion of cancellation
 B - a potion of lignification
 D - 3 potions of berserk rage
 F - a potion of mutation
 G - 3 potions of invisibility
 M - 3 potions of resistance
 O - 3 potions of ambrosia


   Skills:
 - Level 12.6 Fighting
 - Level 2.4 Dodging
 - Level 2.4 Stealth
 + Level 20.5 Spellcasting
 - Level 1.1 Transmutations
 * Level 19.6 Earth Magic


You had 32 spell levels left.
You knew the following spells:

 Your Spells              Type           Power      Damage    Failure   Level
a - Sandblast             Erth           100%       2d20      0%          1
b - Stone Arrow           Conj/Erth      100%       3d13      1%          3
c - Lee's Rapid Deconstr  Erth           59%        3d28*     1%          5
d - Petrify               Tmut/Erth      92%        N/A       1%          4
e - Blink                 Tloc           N/A        N/A       8%          2
f - Shatter               Erth           59%        3d44*     85%         9

Your spell library contained the following spells:

 Spells                   Type           Power      Damage    Failure   Level
 Passwall                 Tmut/Erth      76%        N/A       1%          2
 Magic Dart               Conj           100%       1d8       4%          1
 Call Imp                 Summ           28%        N/A       8%          2
 Poisonous Vapours        Pois/Air       56%        N/A       8%          2
 Searing Ray              Conj           56%        3d5       8%          2
 Slow                     Hex            28%        N/A       8%          2
 Static Discharge         Conj/Air       28%        N/A       8%          2
 Conjure Flame            Conj/Fire      28%        6-21      14%         3
 Dazzling Flash           Conj/Hex       56%        N/A       14%         3
 Mephitic Cloud           Conj/Pois/Air  28%        N/A       14%         3
 Swiftness                Air            28%        N/A       14%         3
 Fulminant Prism          Conj/Hex       14%        3d9       43%         4
 Iskenderun's Mystic Bla  Conj/Tloc      28%        2d7       43%         4
 Passage of Golubria      Tloc           N/A        N/A       43%         4
 Freezing Cloud           Conj/Ice/Air   14%        6-21      80%         5
 Lightning Bolt           Conj/Air       14%        1d27      80%         5
 Invisibility             Hex            14%        N/A       100%        6
 Ignition                 Fire           14%        3d6       100%        8
 Polar Vortex             Ice            14%        N/A       100%        9


Dungeon Overview and Level Annotations

Branches:
Dungeon (14/15)            Temple (1/1) D:6            Lair (6/6) D:11
  Swamp (0/4) Lair:3        Snake (0/4) Lair:2        Slime (0/5) Lair:5
    Orc (2/2) D:10            Elf (1/3) Orc:2        Vaults (0/5) D:13
  Sewer (visited)         Ossuary (visited)          Bailey (visited)

Altars:
Ashenzari
Cheibriados
Dithmenos
Elyvilon
Fedhas
Gozag
Hepliaklqana
Kikubaaqudgha
Makhleb
Nemelex Xobeh
Okawaru
Qazlal
Ru
Sif Muna
Trog
Uskayaw
Vehumet
Wu Jian
Xom
Yredelemnul
Zin
The Shining One

Shops:
D:10 :   D:14 !   Orc:2 !=*=*

Annotations:
Lair:3 2 transporters
Elf:1 2 transporters, Cakin's ghost, adept DDNe


Message History

You close the door.
You start resting.
The deep elf archer shoots an arrow.
The arrow completely misses you.
Casting: Lee's Rapid Deconstruction (safe; 1% risk of failure)
Confirm with . or Enter, or press ? or * to list all spells.
Aiming: Lee's Rapid Deconstruction (safe; 1% risk of failure)
Press: ? - help, Dir - move target A rock wall.
This square is wreathed by an umbra.
You feel a surge of power!
The wall shatters!
The blast of rock fragments hits the deep elf archer!!
The deep elf archer is heavily wounded.
The deep elf archer shouts!
You hear a shout!
The deep elf archer blinks!
Casting: Lee's Rapid Deconstruction (safe; 1% risk of failure)
Confirm with . or Enter, or press ? or * to list all spells.
Aiming: Lee's Rapid Deconstruction (safe; 1% risk of failure)
Press: ? - help, Dir - move target A rock wall.
This square is wreathed by an umbra.
You feel a surge of power!
The wall shatters!
The blast of rock fragments hits the deep elf archer!!!
You kill the deep elf archer!
Dithmenos accepts your kill.
The deep elf archer unwields a +0 dagger.
The deep elf archer wields a +0 shortbow.
The deep elf archer shoots an arrow.
The arrow hits you.
Casting: Lee's Rapid Deconstruction (safe; 1% risk of failure)
Confirm with . or Enter, or press ? or * to list all spells.
You blink.
The deep elf zephyrmancer gestures at you while chanting.
The bolt of lightning hits you!!
* * * LOW HITPOINT WARNING * * *
You emit a cloud of dark smoke.
The bolt of lightning hits you!!
* * * LOW HITPOINT WARNING * * *
You emit a cloud of dark smoke.
The deep elf archer unwields a +0 short sword.
The deep elf archer wields a +0 longbow.
The deep elf archer shoots an arrow.
The arrow hits you!
You die...

.............# #.#
.#.#.........# #.##
.#.#.........####.e#
#............##§.§#..#
.#)#.........##.§###.#
##.#.........##.## #.#
...#.........##'# #.#
.###.........##e## ##
.#...#########e§@#
...##..##..##..§§§#
(.#........+...8....
..#...##.[.###.e.####
.#..##..#....#...#
........#....#...#
##.....#.....#.>.#
.....#.#.....#...#
###..#...#..##


You could see 2 deep elf archers and a deep elf zephyrmancer.

Vanquished Creatures
  Frances (D:13)
  Nessos (D:13)
  A fire dragon (Lair:6)
  Harold (D:8)
  Fannar (Lair:2)
  12 hydras
  4 vault guards (D:13)
  A catoblepas (Lair:6)
  4 ogre magi (Orc:2)
  6 boulder beetles
  2 centaur warriors
  18 two-headed ogres
  5 dancing weapons (Elf:1)
  4 death yaks (Lair:4)
  2 orc high priests
  4 deep elf knights (Elf:1)
  A fire crab (shapeshifter) (D:13)
  A lindwurm (Lair:6)
  7 deep elf archers (Elf:1)
  6 deep elf zephyrmancers (Elf:1)
  An orc knight (Orc:1)
  13 deep elf pyromancers
  3 ugly things
  4 orc sorcerers
  5 oklob plants
  The ghost of sm0rk the Vexing, a novice GnAM of Xom (D:5)
  8 cyclopes
  4 manticores
  6 elephants
  6 black mambas
  Joseph (D:8)
  Maurice (D:8)
  2 molten gargoyles (Lair:6)
  14 cane toads
  3 gargoyles
  Maggie (D:7)
  16 komodo dragons
  An unseen horror (D:10)
  6 rime drakes
  3 yaktaurs (D:13)
  A yaktaur (shapeshifter) (D:14)
  A freezing wraith (D:14)
  2 tengu conjurers (D:13)
  2 trolls (D:12)
  3 meliai (D:9)
  3 polar bears
  A tyrant leech (Lair:3)
  4 blink frogs (Lair:6)
  14 dream sheep
  5 slime creatures
  A spriggan (D:9)
  An air elemental (Elf:1)
  A water elemental (Elf:1)
  37 yaks
  A fire elemental (Elf:1)
  17 wyverns
  15 basilisks
  3 steam dragons
  3 wraiths
  6 vampire mosquitoes
  2 wargs
  2 acid dragons
  2 swamp worms (Lair:3)
  2 nagas (Lair:2)
  5 hell hounds
  18 water moccasins
  19 orc warriors
  2 sky beasts
  2 necrophages
  4 centaurs
  2 black bears
  25 ogres
  5 kobold brigands
  12 gnoll sergeants
  12 bullfrogs
  2 earth elementals (Elf:1)
  A wyvern zombie (D:8)
  A scorpion (D:5)
  2 water moccasin skeletons (D:6)
  A wyvern skeleton (D:7)
  5 wights (D:9)
  3 howler monkeys (D:7)
  5 lava snakes (Lair:6)
  4 quasits (D:5)
  2 bullfrog zombies
  3 centaur zombies
  3 jellies
  15 orc priests
  6 gnoll shamans (Bailey)
  2 bullfrog skeletons
  5 hounds
  4 iguanas
  19 orc wizards
  18 hell rats
  A killer bee zombie (D:9)
  A mummy (Ossuary)
  2 howler monkey zombies
  29 gnolls
  A howler monkey skeleton (D:6)
  5 adders
  A shadow imp (D:6)
  A white imp (D:7)
  An ufetubus (D:6)
  6 worms
  2 dart slugs
  49 orcs
  6 endoplasms
  A giant cockroach (D:1)
  7 goblins
  6 hobgoblins
  5 quokkas
  10 ball pythons
  7 bats
  5 frilled lizards
  10 gnoll skeletons (Ossuary)
  30 kobolds
  5 kobold skeletons (Ossuary)
  10 orc skeletons (Ossuary)
  11 rats
729 creatures vanquished.

Vanquished Creatures (collateral kills)
  An orc warrior (Orc:2)
  An ogre (Orc:2)
  2 orcs (Orc:2)
4 creatures vanquished.

Vanquished Creatures (others)
  An orc knight (Orc:2)
  An orc (Orc:2)
  A bush (Lair:6)
  41 fungi
  51 plants
95 creatures vanquished.

Grand Total: 828 creatures vanquished

Notes
Turn   | Place    | Note
-------+----------+-------------------------------------------
     0 | D:1      | Johnny the Deep Elf Earth Elementalist began the quest for
                  | the Orb.
     0 | D:1      | Reached XP level 1. HP: 10/10 MP: 6/6
   315 | D:1      | Reached XP level 2. HP: 12/16 MP: 5/8
   427 | D:1      | Reached skill level 1 in Fighting
   628 | D:1      | Found a faded altar of an unknown god.
  1188 | D:2      | Reached XP level 3. HP: 20/20 MP: 8/10
  1201 | D:2      | Learned a level 3 spell: Stone Arrow
  1282 | D:2      | HP: 1/20 [hobgoblin (1)]
  2008 | D:2      | Reached XP level 4. HP: 25/26 MP: 11/11
  3043 | D:3      | You fall into a shaft and drop 2 floors!
  3043 | D:5      | Entered Level 5 of the Dungeon
  3044 | D:5      | Noticed a gnoll sergeant
  3083 | D:4      | Noticed a black bear
  3088 | D:4      | Killed a black bear
  3089 | D:4      | Reached skill level 4 in Spellcasting
  3089 | D:4      | Reached XP level 5. HP: 32/32 MP: 8/13
  4508 | D:4      | Reached XP level 6. HP: 32/37 MP: 13/15
  4557 | D:5      | Identified a scroll of acquirement
  4568 | D:5      | Reached skill level 5 in Spellcasting
  4621 | D:5      | Acquired the quicksilver dragon scales of the Wild Haggis
                  | {Will+ Regen+ Str+2}
  4676 | D:5      | Noticed a sky beast
  4685 | D:5      | Killed a sky beast
  4686 | D:5      | Reached skill level 5 in Earth Magic
  4807 | D:5      | Reached XP level 7. HP: 43/43 MP: 17/17
  4897 | D:5      | Found a transporter.
  4927 | D:5      | Noticed sm0rk's ghost (novice GnAM)
  4944 | D:5      | Found a transporter.
  4995 | D:5      | Reached skill level 6 in Spellcasting
  5178 | D:5      | Reached skill level 5 in Fighting
  5191 | D:5      | Killed sm0rk's ghost
  5192 | D:5      | Reached skill level 7 in Spellcasting
  5192 | D:5      | Reached XP level 8. HP: 18/51 MP: 1/20
  5354 | D:6      | Found a sand-covered staircase.
  5361 | Ossuary  | Entered an ossuary
  5687 | D:6      | Found a glowing drain.
  5759 | Sewer    | Entered a sewer
  6222 | D:6      | Reached skill level 8 in Spellcasting
  6348 | D:6      | Reached XP level 9. HP: 55/56 MP: 17/23
  6354 | D:6      | Learned a level 5 spell: Lee's Rapid Deconstruction
  6359 | D:6      | Learned a level 4 spell: Petrify
  6709 | D:6      | Found a staircase to the Ecumenical Temple.
  6847 | Temple   | Entered the Ecumenical Temple
  7029 | Temple   | Became a worshipper of Dithmenos the Shadowed
  7324 | D:7      | Noticed Maggie
  7333 | D:7      | Killed Maggie
  7334 | D:7      | Reached skill level 9 in Spellcasting
  7592 | D:7      | Noticed a deep elf pyromancer
  7599 | D:7      | Killed a deep elf pyromancer
  7877 | D:7      | Noticed a +0 dagger
  7884 | D:7      | Noticed a +0 dagger
  7886 | D:7      | Found a hide-covered altar of Uskayaw.
  8231 | D:8      | Found a flagged portal.
  8238 | D:8      | Noticed a two-headed ogre
  8240 | Bailey   | Entered a bailey
  8369 | Bailey   | Reached * piety under Dithmenos
  8370 | Bailey   | Reached XP level 10. HP: 46/65 MP: 8/25
  8575 | Bailey   | Reached skill level 10 in Spellcasting
  9194 | D:8      | Noticed Harold
  9205 | D:8      | Killed Harold
  9468 | D:8      | Killed a two-headed ogre
  9664 | D:8      | Noticed Maurice
  9670 | D:8      | Killed Maurice
  9902 | D:8      | Noticed Joseph
  9910 | D:8      | Killed Joseph
  9911 | D:8      | Reached skill level 11 in Spellcasting
 10046 | D:8      | Reached ** piety under Dithmenos
 10120 | D:8      | Identified the +1 ring mail "Luekuyxt" {rElec}
 10435 | D:9      | Reached skill level 10 in Fighting
 10987 | D:9      | Reached XP level 11. HP: 12/72 MP: 12/28
 10989 | D:9      | Reached skill level 10 in Earth Magic
 11347 | D:9      | Identified the ring "Dehap" {rC+ EV+4}
 11480 | D:9      | Noticed a two-headed ogre
 11485 | D:9      | Killed a two-headed ogre
 11822 | D:10     | Entered Level 10 of the Dungeon
 11840 | D:10     | Noticed a two-headed ogre
 11846 | D:10     | Killed a two-headed ogre
 12133 | D:10     | Found Pufaman's Book Shoppe.
 12192 | D:10     | Acquired a staff of earth
 12371 | D:10     | Reached skill level 12 in Spellcasting
 12426 | D:9      | Reached *** piety under Dithmenos
 12938 | D:10     | Found a staircase to the Orcish Mines.
 13290 | D:11     | Noticed a two-headed ogre
 13294 | D:11     | Noticed a two-headed ogre
 13528 | D:11     | Killed a two-headed ogre
 13717 | D:11     | Reached XP level 12. HP: 71/80 MP: 11/30
 13718 | D:11     | Reached **** piety under Dithmenos
 13792 | D:11     | Killed a two-headed ogre
 13829 | D:11     | Reached skill level 13 in Spellcasting
 13937 | D:11     | Found a staircase to the Lair.
 13961 | D:11     | Found a sparkling altar of Nemelex Xobeh.
 14250 | D:11     | Found a bloodstained altar of Trog.
 14252 | D:11     | Noticed a death knight
 14306 | Orc:1    | Entered Level 1 of the Orcish Mines
 14500 | Orc:2    | Entered Level 2 of the Orcish Mines
 15012 | Orc:2    | Found Pacuah's Distillery.
 15136 | Orc:2    | Found a staircase to the Elven Halls.
 15148 | Orc:2    | Noticed an orc high priest
 15151 | Orc:2    | Killed an orc high priest
 15191 | Orc:2    | Reached ***** piety under Dithmenos
 15477 | Orc:2    | Bought 2 potions of heal wounds for 140 gold pieces
 15477 | Orc:2    | Bought a potion of invisibility for 112 gold pieces
 15477 | Orc:2    | Bought a potion of ambrosia for 112 gold pieces
 15600 | Orc:2    | Noticed a two-headed ogre
 15602 | Orc:2    | Noticed an ogre mage
 15602 | Orc:2    | Noticed an ogre mage
 15603 | Orc:2    | Noticed a two-headed ogre
 15603 | Orc:2    | Noticed an ogre mage
 15604 | Orc:2    | Noticed a two-headed ogre
 15605 | Orc:2    | Noticed a two-headed ogre
 15605 | Orc:2    | Noticed a two-headed ogre
 15605 | Orc:2    | Killed a two-headed ogre
 15605 | Orc:2    | Noticed an ogre mage
 15606 | Orc:2    | Noticed a two-headed ogre
 15607 | Orc:2    | Noticed a two-headed ogre
 15616 | Orc:2    | Killed an ogre mage
 15736 | Lair:1   | Entered Level 1 of the Lair of Beasts
 15980 | D:10     | Bought a book of Minor Magic for 320 gold pieces
 15983 | D:10     | Learned a level 2 spell: Blink
 16120 | Lair:1   | Noticed a five-headed hydra
 16126 | Lair:1   | Killed a five-headed hydra
 16127 | Lair:1   | Reached skill level 14 in Spellcasting
 16586 | Lair:1   | Identified the +0 chain mail "Voafuste" {rC+ Int+3}
 16616 | Lair:1   | Reached skill level 15 in Spellcasting
 16616 | Lair:1   | Reached XP level 13. HP: 87/87 MP: 32/34
 16781 | Lair:2   | Found a staircase to the Snake Pit.
 16892 | Lair:2   | Noticed Fannar
 16909 | Lair:2   | Reached XP level 14. HP: 92/92 MP: 24/35
 16918 | Lair:2   | Killed Fannar
 17255 | Lair:2   | You fall into a shaft and drop 1 floor!
 17325 | Lair:3   | Reached skill level 16 in Spellcasting
 17741 | Lair:3   | Acquired a book of the Tempests
 17755 | Lair:3   | Learned a level 9 spell: Shatter
 17932 | Lair:3   | Found a staircase to the Swamp.
 18230 | Lair:3   | Found a transporter.
 18231 | Lair:3   | Found a transporter.
 19938 | Lair:4   | Reached skill level 17 in Spellcasting
 20443 | Lair:5   | Reached skill level 15 in Earth Magic
 20956 | Lair:5   | Found a staircase to the Slime Pits.
 21199 | Lair:5   | Reached ****** piety under Dithmenos
 21841 | Lair:6   | Entered Level 6 of the Lair of Beasts
 22263 | Lair:6   | Reached skill level 18 in Spellcasting
 22490 | Lair:6   | Reached XP level 15. HP: 43/97 MP: 27/39
 23816 | Lair:6   | Found a large runed translucent door.
 24156 | Lair:6   | Found a large runed translucent door.
 25361 | D:12     | Found a broken altar of Ashenzari.
 25727 | D:12     | Reached skill level 19 in Spellcasting
 26310 | D:13     | Found a gate to the Vaults.
 26610 | D:13     | Noticed Frances
 26623 | D:13     | Killed Frances
 26737 | D:13     | Noticed Nessos
 26747 | D:13     | Killed Nessos
 27511 | D:14     | Found Ciwkes's Distillery.
 27908 | Orc:2    | Reached XP level 16. HP: 97/103 MP: 5/41
 28200 | Orc:2    | Reached skill level 20 in Spellcasting
 28344 | Orc:2    | Found Munutum's Assorted Antiques.
 28344 | Orc:2    | Found Ycaegoz's Assorted Antiques.
 28345 | Orc:2    | Found Halimn's Jewellery Emporium.
 28345 | Orc:2    | Found Jaekhlox's Jewellery Shop.
 28355 | Orc:2    | Bought an embroidered hat for 210 gold pieces
 28355 | Orc:2    | Bought a potion of flight for 90 gold pieces
 28367 | Orc:2    | Bought a scroll of acquirement for 1248 gold pieces
 28368 | Orc:2    | Acquired 856 gold pieces
 28373 | Orc:2    | Bought a scroll of identify for 48 gold pieces
 28373 | Orc:2    | Bought a scroll of identify for 48 gold pieces
 28739 | Elf:1    | Entered Level 1 of the Elven Halls
 29456 | Elf:1    | Found a bloodstained altar of Trog.
 29456 | Elf:1    | Noticed Cakin's ghost (adept DDNe)
 29456 | Elf:1    | Noticed a deep elf blademaster
 29456 | Elf:1    | Noticed a deep elf blademaster
 29463 | Elf:1    | Found a transporter.
 29468 | Elf:1    | Found a transporter.
 29483 | Elf:1    | Identified the +9 longbow "Hun Yneb" {flame, rPois rC+++
                  | Int-3}
 29483 | Elf:1    | Noticed a deep elf master archer
 29857 | Elf:1    | Found the +9 heavy crossbow "Sniper" {vorpal, Acc+∞ SInv}
 30307 | Elf:1    | HP: 2/103 [deep elf zephyrmancer/bolt of lightning (27)]
 30307 | Elf:1    | Shot with an arrow by a deep elf archer

Illustrated notes

Levels and vault maps discovered:
D:1:      dpeg_arrival_three_smaller_balls, layout_loops_ring,
          basic_ecumenical_altar
D:2:      layout_basic
D:3:      layout_basic, minmay_misc_feat_square
D:4:      layout_cave_pods
D:5:      layout_rooms, gammafunk_ghost_stat_death
D:6:      layout_basic, minmay_temple_entry_nine_rooms,
          chequers_ossuary_entry_cave, cheibrodos_sewer_entry_bend
D:7:      layout_gridville, dancing_weapons_uskayaw, uniq_maggie
D:8:      layout_gridville, enter_bailey_8, uniq_joseph, uniq_harold,
          uniq_maurice
D:9:      layout_basic, serial_corexii_hall, corexii_hall_statues_i,
          chequers_hall_statues_y, corexii_hall_statues_l,
          chequers_hall_statues_y, the_hattery
D:10:     layout_loops_cross, david_orc_4, serial_shops, shop
D:11:     layout_irregular_city, minmay_lair_entry_grove,
          hangedman_feature_mirror
D:12:     layout_long_grid, minmay_misc_feat_columns,
          nicolae_ashenzari_panopticon
D:13:     layout_roguey, lightli_vaults_fourway_checkpoint,
          minmay_misc_feat_hallway, minmay_bent, uniq_nessos, uniq_frances
D:14:     minmay_the_grid_octo_tiled_squarecenter_mashed
          [minmay_the_grid_octo_chip, minmay_the_grid_octo_vomiting_pacman,
          minmay_the_grid_octo_teeth, minmay_the_grid_octo_77,
          minmay_the_grid_square_5x5_megaprize_checkered,
          minmay_the_grid_square_5x5_two_walls_a,
          minmay_the_grid_square_5x5_three,
          minmay_the_grid_square_5x5_broken_cross,
          minmay_the_grid_square_5x5_checkered], layout_irregular_city,
          serial_shops, shop_fountains, nicolae_tso_swordbearing_angel
Temple:   kilobyte_greek_temple
Lair:1:   layout_hall_layers
Lair:2:   beast_lair_carwin_large_1, layout_regular_city,
          guppyfry_snake_entry_garden, infiniplex_staircase_pool_2,
          minmay_lair_oklob_chamber, uniq_fannar
Lair:3:   gammafunk_boulding_lane, layout_chaotic_city, minmay_swamp_entry_worms
Lair:4:   layout_gridlike, special_room [special_room_mythical_zoo]
Lair:5:   layout_long_grid, minmay_slime_entry_pillars
Lair:6:   cheibrodos_lair_end_hotspot, layout_gridlike, serial_bayou_pond_d,
          lemuel_another_geyser
Orc:1:    layout_caves
Orc:2:    st_orc_ogre_mass, layout_caves, serial_shops, nicolae_shop_waterfront
Elf:1:    eino_elf_arrival_customs, layout_loops_cross,
          gammafunk_ghost_wrathful_warriors, grunt_ministairs_14,
          serial_sigils_hangedman_scratch, minmay_checkered_concentric_circles

Skill      XL: |  1  2  3  4  5  6  7  8  9 10 11 12 13 14 15 16 |
---------------+-------------------------------------------------+-----
Fighting       | 1 2 3 4 5 6 8 10 11 12 | 12.6
Earth Magic    | 4 5 6 7 8 9 11 13 15 18 19 | 19.6
Spellcasting   | 4 5 7 8 9 11 12 15 18 19 20 | 20.5
Dodging        | |  2.4
Stealth        | |  2.4
Transmutations | |  1.1

Action                   |  1- 3 |  4- 6 |  7- 9 | 10-12 | 13-15 | 16-18 || total
-------------------------+-------+-------+-------+-------+-------+-------++-------
Melee: Unarmed           |    10 |       |       |       |       |       ||    10
       Dagger            |    29 |       |       |       |       |       ||    29
       Scimitar          |    23 |    64 |   333 |   274 |    79 |       ||   773
       Staff             |       |       |       |     1 |     2 |    12 ||    15
 Cast: Sandblast         |    36 |    29 |    53 |    75 |    58 |    35 ||   286
       Stone Arrow       |     7 |     2 |    37 |   192 |   351 |    25 ||   614
       Lee's Rapid Decon |       |       |     1 |    34 |    98 |    61 ||   194
       Blink             |       |       |       |       |    28 |     2 ||    30
       Petrify           |       |       |       |       |    13 |       ||    13
Evoke: Wand              |       |       |       |    17 |     7 |     7 ||    31
  Use: Scroll            |       |     5 |     5 |     9 |    14 |     3 ||    36
       Potion            |       |       |       |     2 |     1 |       ||     3
 Stab: Sleeping          |     6 |     1 |     4 |     2 |       |       ||    13
       Distracted        |       |       |       |     1 |     1 |       ||     2
       Paralysed         |       |       |       |       |     7 |       ||     7
Armor: Robe              |    17 |    10 |       |       |       |       ||    27
       Quicksilver drago |       |    23 |   395 |   204 |   128 |    20 ||   770
Dodge: Dodged            |    53 |    57 |   320 |   309 |   330 |    39 ||  1108
       Rpst.: Scimitar   |     3 |    15 |    90 |    74 |    75 |       ||   257

Table legend: (Time is in decaauts)
 A = Elapsed time spent in this place.
 B = Non-inter-level travel time spent in this place.
 C = Inter-level travel time spent in this place.
 D = Time resting spent in this place.
 E = Time spent auto-exploring this place.
 F = Levels seen in this place.
 G = Mean time per level.
                   A        B        C        D        E       F      G
               +--------+--------+--------+--------+--------+-----+--------+
         Total |  30690 |  29139 |   1551 |   7000 |  17327 |  27 | 1136.7 |
       Dungeon |  16345 |  15349 |    996 |   2714 |  10375 |  14 | 1167.5 |
        Temple |    222 |    148 |     74 |      0 |    146 |   1 |  222.0 |
          Lair |   8762 |   8390 |    372 |   2314 |   4807 |   6 | 1460.3 |
  Orcish Mines |   2242 |   2135 |    107 |    873 |    841 |   2 | 1121.0 |
   Elven Halls |   1567 |   1567 |      0 |    771 |    587 |   1 | 1567.0 |
         Sewer |    368 |    368 |      0 |      0 |    191 |   1 |  368.0 |
       Ossuary |    297 |    297 |      0 |      0 |    165 |   1 |  297.0 |
        Bailey |    884 |    884 |      0 |    328 |    214 |   1 |  884.0 |
               +--------+--------+--------+--------+--------+-----+--------+

Top non-repeatable levels by time:
  Lair:6: 2475 daAuts
     D:2: 1767 daAuts
     D:9: 1689 daAuts
  Lair:4: 1659 daAuts
    D:10: 1580 daAuts
   Elf:1: 1567 daAuts
    D:12: 1533 daAuts
  Lair:2: 1450 daAuts
    D:13: 1443 daAuts
   Orc:2: 1382 daAuts
  Lair:5: 1354 daAuts
     D:8: 1277 daAuts
    D:11: 1189 daAuts
     D:1: 1181 daAuts
  Lair:3: 1157 daAuts
